 Dungeon Crawl Stone Soup version 0.19.0-2-gae57169 (webtiles) character file.

358 Lochraine the Skirmisher (level 6, -4/55 HPs)
             Began as a Mummy Fighter on Nov 5, 2016.
             Killed from afar by an orc wizard (6 damage)
             ... with a puff of flame
             ... on level 4 of the Dungeon.
             The game lasted 00:09:09 (3026 turns).

Lochraine the Skirmisher (Mummy Fighter)            Turns: 3026, Time: 00:09:10

Health: -4/55      AC:  6    Str: 20    XL:     6   Next: 37%
Magic:  6/6        EV:  7    Int:  8    God:
Gold:   182        SH:  9    Dex: 12    Spells: 0 memorised, 5 levels left

rFire  x . .     SeeInvis .     a - +0 long sword
rCold  + . .     Gourm    .     b - +0 scale mail
rNeg   + + +     Faith    .     c - +0 shield
rPois  ∞         Spirit   .     (no helmet)
rElec  .         Reflect  .     (no cloak)
rCorr  .         Harm     .     (no gloves)
MR     .....                    (no boots)
Stlth  ..........               (no amulet)
                                (no ring)
                                (no ring)

@: no status effects
A: no food or potions, fire vulnerability, cold resistance 1, negative energy
resistance 3, torment resistance, unbreathing
a: no special abilities


You were on level 4 of the Dungeon.
You were not hungry.

You visited 1 branch of the dungeon, and saw 5 of its levels.

You collected 182 gold pieces.

Inventory:

Hand Weapons
 a - a +0 long sword (weapon)
 m - a +1 short sword of speed
Armour
 b - a +0 scale mail (worn)
 c - a +0 shield (worn)
 l - a +0 ring mail
Jewellery
 g - an uncursed ring of resist corrosion {unknown}
Scrolls
 k - a scroll of fog
Books
 d - a book of Cantrips

   Spells                             Type                      Level
   a - Confusing Touch                Hexes                        1
   b - Animate Skeleton               Necromancy                   1
   c - Summon Small Mammal            Summoning                    1
   d - Apportation                    Translocation                1


   Skills:
 - Level 7.1 Fighting
 - Level 1.5 Long Blades
 - Level 2.4 Armour
 + Level 1.0 Dodging
 - Level 2.4 Shields


You had 5 spell levels left.
You didn't know any spells.

Dungeon Overview and Level Annotations

Branches:
Dungeon (5/15)
 Temple: D:4-7

Altars:
Ashenzari
Dithmenos
Uskayaw

Annotations:
D:3 UnlimitedFusion's ghost, amateur KoIE


Innate Abilities, Weirdness & Mutations

You do not eat or drink.
Your flesh is vulnerable to fire.
You are immune to poison.
Your flesh is cold resistant. (rC+)
You are immune to negative energy. (rN+++)
You are immune to unholy pain and torment.
You can survive without breathing.


Message History

As you read the scroll labeled MIJEJO UTUEM, it crumbles to dust.
The scroll dissolves into smoke.
It was a scroll of fog.
Something hits you but does no damage.
As you read the scroll labeled XEJUDOURIN, it crumbles to dust.
You feel strangely unstable.
It was a scroll of teleportation.
Something hits you.
* * * LOW HITPOINT WARNING * * *
Something hits you but does no damage.
You climb upwards.
There is a stone staircase leading down here.
You closely miss something. You block the orc's attack.
Something hits you but does no damage.
The orc hits you from afar with a trident.
* * * LOW HITPOINT WARNING * * *
Your surroundings seem slightly different.
Something hits you but does no damage.
You hear some strange, mumbled words.
A puff of flame appears from out of thin air!
The puff of flame hits you! The fire burns you terribly!
You die...

#######.....#.##.##........##.#
....# #.........o...........[.#
###.# #.##.##.##.##.###########
#.###)##.##.##o##.# ##.##
#...........§>o...####.#.######
#####.########........###......
#...........######.#.######
##########.## ##.## #@# #.# #.#
#.# #.# #.# #.# #.# #.# #.# #.#
#.# #.# #.# #.# #.# #.# #.#


You could see an orc priest and 2 orcs.

Vanquished Creatures
  A phantom (D:4)
  A howler monkey (D:4)
  2 hounds
  Jessica (D:3)
  A worker ant (D:4)
  7 adders
  An adder skeleton (D:4)
  A worm (D:2)
  A dart slug (D:3)
  5 orcs
  6 goblins
  9 hobgoblins
  4 jackals (D:3)
  2 quokkas
  4 bats (D:1)
  3 frilled lizards
  5 kobolds
  4 rats
58 creatures vanquished.

Notes
Turn   | Place    | Note
-------+----------+-------------------------------------------
     0 | D:1      | Lochraine the Mummy Fighter began the quest for the Orb.
     0 | D:1      | Reached XP level 1. HP: 18/18 MP: 1/1
   145 | D:1      | Reached XP level 2. HP: 24/24 MP: 2/2
   374 | D:1      | Reached skill level 4 in Fighting
   716 | D:2      | Found a hide-covered altar of Uskayaw.
   739 | D:2      | Found a faded altar of an unknown god.
   796 | D:2      | Reached XP level 3. HP: 20/30 MP: 3/3
   822 | D:2      | Found a shattered altar of Ashenzari.
   972 | D:2      | Found a shadowy altar of Dithmenos.
  1467 | D:3      | Noticed UnlimitedFusion's ghost (amateur KoIE)
  1496 | D:3      | Noticed Jessica
  1503 | D:3      | Reached XP level 4. HP: 37/38 MP: 4/4
  1505 | D:3      | Killed Jessica
  1505 | D:3      | Reached skill level 5 in Fighting
  1525 | D:3      | Found a shattered altar of Ashenzari.
  1966 | D:4      | Noticed a phantom
  1969 | D:4      | Reached XP level 5. HP: 46/46 MP: 5/5
  1996 | D:4      | Killed a phantom
  1996 | D:4      | Reached skill level 6 in Fighting
  2118 | D:4      | Reached XP level 6. HP: 33/53 MP: 6/6
  2512 | D:4      | Reached skill level 7 in Fighting
  2858 | D:5      | Entered Level 5 of the Dungeon
  3008 | D:5      | Reached skill level 1 in Dodging
  3023 | D:4      | HP: 1/55 [orc/trident (4)]
  3026 | D:4      | Killed from afar by an orc wizard

Skill      XL: |  1  2  3  4  5  6 |
---------------+-------------------+-----
Fighting       | 4 5 6 7 |  7.1
Dodging        | 1 |  1.0
Long Blades    | |  1.5
Armour         | |  2.4
Shields        | |  2.4

Action                   |  1- 3 |  4- 6 || total
-------------------------+-------+-------++-------
Melee: Long sword        |   137 |   109 ||   246
       Short sword       |       |     7 ||     7
  Use: Scroll            |       |     7 ||     7
Armor: Scale mail        |    52 |    32 ||    84
Dodge: Dodged            |    42 |    37 ||    79
Block: Shield            |    65 |    55 ||   120
       Rpst.: Long sword |    18 |    13 ||    31
